 Dungeon Crawl Stone Soup version 0.31-a0-217-g58bb5d79cf (webtiles) character file.

Game seed: 15351548163054584739

410 qw the Chopper (level 6, -4/38 HPs)
             Began as a Gargoyle Fighter on July 2, 2023.
             Slain by a gnoll
             ... wielding a +0 halberd
              (9 damage)
             ... on level 5 of the Dungeon.
             The game lasted 00:01:25 (2733 turns).

qw the Chopper (Gargoyle Fighter)                   Turns: 2733, Time: 00:01:26

Health: -4/38      AC: 15    Str: 21    XL:     6   Next: 89%
Magic:  6/6        EV:  7    Int:  9    God:
Gold:   185        SH:  4    Dex:  9    Spells: 5/5 levels left

rFire   . . .        Y - +0 war axe
rCold   . . .        c - +0 buckler
rNeg    + . .        f - +0 chain mail
rPois   inf          (no helmet)
rElec   +            (no cloak)
rCorr   .            h - +0 pair of gloves
SInv    .            e - +0 pair of boots
Will    .....        (no amulet) Stlth
                     (no ring)
HPRegen 0.26/turn    (no ring)
MPRegen 0.10/turn

%: no passive effects
@: about to teleport
A: sickness immunity, AC +4, negative energy resistance 1, electricity
resistance, torment resistance 1, petrification resistance
a: no special abilities


You were on level 5 of the Dungeon.
You visited 1 branch of the dungeon, and saw 5 of its levels.

You collected 185 gold pieces.


Innate Abilities, Weirdness & Mutations

You are immune to sickness and miasma.
Your stone body is resilient. (AC +4)
You are immune to poison.
You resist negative energy. (rN+)
You are resistant to electric shocks. (rElec)
You are resistant to unholy torment.
You are immune to petrification.


   Skills:
 - Level 4.0 Fighting
 - Level 6.0 Axes
 - Level 1.0 Throwing
 - Level 3.2 Armour
 + Level 0.2 Dodging
 - Level 3.2 Shields


You had 5 spell levels left.
You didn't know any spells.
Your spell library was empty.

Inventory:

Hand Weapons
 r - a +1 flail of protection
 Y - a +0 war axe (weapon)
Missiles
 m - a silver boomerang (quivered)
 q - 10 boomerangs
Armour
 c - a +0 buckler (worn)
 e - a +0 pair of boots (worn)
 f - a +0 chain mail (worn)
 h - a +0 pair of gloves (worn)
Scrolls
 a - 3 scrolls of teleportation
 j - a scroll of identify
Potions
 b - a potion of curing {unknown}
 d - a potion of might
 g - a potion of mutation
 i - a potion of haste {unknown}
 k - a potion of brilliance {unknown}
 l - a potion of lignification {unknown}
 n - a potion of heal wounds {unknown}
 o - a potion of degeneration {unknown}
 p - a potion of ambrosia {unknown}

Dungeon Overview and Level Annotations

Branches:
Dungeon (5/15)
 Temple: D:4-7

Altars:

Shops:
D:2 [


Message History

The orc is severely wounded.
The orc barely misses you.
You hit the orc.
You kill the orc!
A gnoll comes into view. It is wielding a +0 spear.
The gnoll shouts!
The gnoll hits you but does no damage. The gnoll hits you with a +0 spear.
The gnoll barely misses you.
You closely miss the gnoll.
An iguana comes into view.
The gnoll hits you from afar with a +0 halberd!
You hit the gnoll.
The gnoll is moderately wounded.
You barely miss the gnoll. The gnoll hits you but does no damage.
The gnoll hits you from afar with a +0 halberd!
The gnoll hits you but does no damage. x3
You slash the gnoll!
You kill the gnoll!
You barely miss the gnoll. The gnoll hits you but does no damage.
The gnoll hits you from afar with a +0 halberd!
The gnoll hits you from afar with a +0 spear.
Your Axes skill increases to level 6!
2730 ||| READING 4 scrolls of teleportation.
As you read the scroll of teleportation, it crumbles to dust.
You feel strangely unstable. The gnoll hits you but does no damage.
The gnoll hits you from afar with a +0 halberd.
The gnoll hits you but does no damage.
You slash the gnoll!
The gnoll is heavily wounded.
The gnoll hits you from afar with a +0 spear.
The gnoll hits you but does no damage. x2
You slash the gnoll!
You kill the gnoll!
The gnoll closely misses you. The gnoll hits you but does no damage.
The iguana bites you but does no damage.
The gnoll hits you from afar with a +0 halberd!
You die...

#..........##
............
#..........
#.........#
.....$....
##.......##
#.$..gl...###
.....g.@.)..#
#.....)..<..#
............#
..............#
............#..#
........#........
....>.........#..
.................
.......####.....


You could see an iguana and 2 gnolls.

Vanquished Creatures
  Sigmund (D:3)
  A jelly (D:4)
  An orc priest (D:4)
  An iguana (D:4)
  A sleepcap (D:4)
  2 gnolls (D:5)
  3 adders
  A worm (D:4)
  2 dart slugs (D:2)
  11 orcs
  5 endoplasms
  5 giant cockroaches
  3 goblins (D:4)
  2 hobgoblins (D:4)
  8 jackals
  5 kobolds
  2 quokkas (D:3)
  2 ball pythons
  8 bats
  2 frilled lizards
  2 rats
68 creatures vanquished.

Notes
Turn   | Place    | Note
-------+----------+-------------------------------------------
     0 | D:1      | qw the Gargoyle Fighter began the quest for the Orb.
     0 | D:1      | Reached XP level 1. HP: 14/14 MP: 1/1
     0 | D:1      | 0 ||| qw: Version: 0.3-a-40-ge99b1a8
     0 | D:1      | 0 ||| qw: Game counter: 148
     0 | D:1      | 0 ||| qw: Melee chars always use a shield: true
     0 | D:1      | 0 ||| qw: God list: Okawaru
     0 | D:1      | 0 ||| qw: Allow faded altars: false
     0 | D:1      | 0 ||| qw: Do Orc after clearing Dungeon:15 true
     0 | D:1      | 0 ||| qw: Do second Lair branch before Depths: true
     0 | D:1      | 0 ||| qw: Lair rune preference: random
     0 | D:1      | 0 ||| qw: Goals: Normal, Zot:1-4, Slime:5, God:TSO, Crypt,
                  | Tomb, Abyss, Pan, Hells, Win
     0 | D:1      | 0 ||| PLANNING D:1-11
    80 | D:1      | Reached skill level 2 in Axes
   101 | D:1      | Reached XP level 2. HP: 18/19 MP: 2/2
   257 | D:1      | 257 ||| Stepping ~*~*~tactically~*~*~ (stealth).
   284 | D:1      | 284 ||| Stepping ~*~*~tactically~*~*~ (stealth).
   285 | D:1      | 285 ||| Stepping ~*~*~tactically~*~*~ (stealth).
   286 | D:1      | 286 ||| Stepping ~*~*~tactically~*~*~ (stealth).
   617 | D:1      | 617 ||| UPGRADING to +0 pair of boots.
   622 | D:1      | 622 ||| UPGRADING to +0 pair of gloves.
   627 | D:1      | 627 ||| READING 3 scrolls labelled TIBLIS VEFI.
   631 | D:1      | 631 ||| READING 3 scrolls labelled NUPUEV VIGG.
   632 | D:1      | 632 ||| READING scroll labelled NOWIANGEFEU.
   633 | D:1      | 633 ||| READING 2 scrolls of identify.
   633 | D:1      | 633 ||| IDENTIFYING cyan potion
   634 | D:1      | 634 ||| DROPPING potion of invisibility.
   658 | D:2      | Found a faded altar of an unknown god.
   660 | D:2      | 660 ||| Stepping ~*~*~tactically~*~*~ (hiding).
   676 | D:2      | 676 ||| Stepping ~*~*~tactically~*~*~ (stealth).
   695 | D:2      | 695 ||| Stepping ~*~*~tactically~*~*~ (hiding).
   702 | D:2      | Reached skill level 3 in Axes
   812 | D:2      | Reached XP level 3. HP: 15/23 MP: 3/3
   895 | D:2      | Found Ykotigeu's Armour Shoppe.
   899 | D:2      | 899 ||| SHOPLISTING +0 chain mail of poison resistance (110
                  | gold, have 96).
   899 | D:2      | 899 ||| SHOPLISTING +0 crystal plate armour (1040 gold,
                  | have 96).
   923 | D:2      | You fall into a shaft and drop 2 floors!
   924 | D:4      | 924 ||| READING 3 scrolls labelled COMMEE XERE.
   925 | D:4      | 925 ||| DROPPING 2 scrolls of fear.
   930 | D:3      | Noticed Sigmund
   939 | D:3      | Killed Sigmund
   940 | D:3      | Reached skill level 5 in Axes
   940 | D:3      | Reached XP level 4. HP: 12/28 MP: 4/4
   940 | D:3      | Reached XP level 5. HP: 14/32 MP: 5/5
  1151 | D:3      | 1151 ||| Stepping ~*~*~tactically~*~*~ (hiding).
  1165 | D:3      | 1165 ||| Stepping ~*~*~tactically~*~*~ (stealth).
  1203 | D:3      | 1203 ||| UPGRADING to +0 chain mail.
  1213 | D:3      | 1213 ||| DROPPING +0 scale mail.
  1214 | D:3      | 1214 ||| READING 4 scrolls labelled CIRIRPHIUCA.
  1215 | D:3      | 1215 ||| DROPPING 3 scrolls of blinking.
  1435 | D:2      | Reached XP level 6. HP: 38/38 MP: 6/6
  1822 | D:2      | 1822 ||| DROPPING ring of magical power.
  1823 | D:2      | 1823 ||| READING scroll labelled RUT MUF MUTIFU.
  1824 | D:2      | 1824 ||| READING 2 scrolls of identify.
  1824 | D:2      | 1824 ||| IDENTIFYING bubbling green potion
  2101 | D:4      | 2101 ||| FLEEEEING.
  2102 | D:4      | 2102 ||| FLEEEEING.
  2103 | D:4      | 2103 ||| FLEEEEING.
  2104 | D:4      | 2104 ||| FLEEEEING.
  2105 | D:4      | 2105 ||| FLEEEEING.
  2106 | D:4      | 2106 ||| FLEEEEING.
  2107 | D:4      | 2107 ||| FLEEEEING.
  2108 | D:4      | 2108 ||| FLEEEEING.
  2109 | D:4      | 2109 ||| FLEEEEING.
  2110 | D:4      | 2110 ||| FLEEEEING.
  2111 | D:4      | 2111 ||| FLEEEEING.
  2112 | D:4      | 2112 ||| FLEEEEING.
  2113 | D:4      | 2113 ||| FLEEEEING.
  2114 | D:4      | 2114 ||| FLEEEEING.
  2162 | D:4      | 2162 ||| FLEEEEING.
  2163 | D:4      | 2163 ||| FLEEEEING.
  2164 | D:4      | 2164 ||| STAIRDANCE
  2187 | D:4      | 2187 ||| STAIRDANCE
  2212 | D:4      | 2212 ||| DROPPING +0 mace.
  2213 | D:4      | 2213 ||| DROPPING +0 flail.
  2226 | D:4      | 2226 ||| Stepping ~*~*~tactically~*~*~ (stealth).
  2229 | D:4      | 2229 ||| Stepping ~*~*~tactically~*~*~ (stealth).
  2234 | D:4      | 2234 ||| Stepping ~*~*~tactically~*~*~ (hiding).
  2248 | D:4      | Reached skill level 1 in Throwing
  2300 | D:4      | 2300 ||| Stepping ~*~*~tactically~*~*~ (hiding).
  2302 | D:4      | 2302 ||| Stepping ~*~*~tactically~*~*~ (hiding).
  2587 | D:4      | 2587 ||| Stepping ~*~*~tactically~*~*~ (stealth).
  2588 | D:4      | 2588 ||| Stepping ~*~*~tactically~*~*~ (stealth).
  2701 | D:4      | 2701 ||| READING scroll labelled IROIRUE NUKEU.
  2702 | D:4      | 2702 ||| READING scroll labelled OZEMATZUENN.
  2721 | D:5      | Entered Level 5 of the Dungeon
  2729 | D:5      | HP: 7/38 [gnoll/+0 spear (3)]
  2730 | D:5      | Reached skill level 6 in Axes
  2730 | D:5      | 2730 ||| READING 4 scrolls of teleportation.
  2733 | D:5      | Slain by a gnoll

Levels and vault maps discovered:
D:1:      lemuel_arrival_broad_hall, layout_loops_cross, minmay_tiny_reverse_x
D:2:      layout_loops_ring, nicolae_ecumenical_pavilion, serial_shops,
          nicolae_shop_back_alley_shop
D:3:      layout_rooms, uniq_sigmund
D:4:      layout_rooms
D:5:      layout_rooms, mainiacjoe_overflow_six_doors_small, zin_statuary,
          minmay_temple_entry_grid, roderic_malta_cross, minmay_manual_mail

Skill      XL: |  1  2  3  4  5  6 |
---------------+-------------------+-----
Axes           | 2 3 5 6 |  6.0
Fighting       | 4 |  4.0
Throwing       | 1 |  1.0
Armour         | |  3.2
Dodging        | |  0.2
Shields        | |  3.2

Action                     |  1- 3 |  4- 6 || total
---------------------------+-------+-------++-------
  Melee: War axe           |    62 |   116 ||   178
  Throw: Boomerang         |       |    28 ||    28
    Use: Scroll            |     5 |     6 ||    11
 Armour: Scale mail        |    40 |     3 ||    43
         Chain mail        |       |    62 ||    62
  Dodge: Dodged            |    27 |    45 ||    72
  Block: Buckler           |    11 |    19 ||    30

Table legend:
 A = Non-vault XP
 B = Vault XP
 C = Vault XP percentage of total XP
 D = Non-vault monster count
 E = Vault monster count
 F = Vault count percentage of total count
                 A         B        C        D         E       F
            +---------+---------+-------+---------+---------+-------
      Total |     341 |     245 |  41.8 |      65 |       3 |   4.4
            +---------+---------+-------+---------+---------+-------
        D:1 |      21 |       2 |   8.7 |      13 |       2 |  13.3
        D:2 |      22 |       0 |   0.0 |      11 |       0 |   0.0
        D:3 |      43 |     243 |  85.0 |      12 |       1 |   7.7
        D:4 |     223 |       0 |   0.0 |      26 |       0 |   0.0
        D:5 |      32 |       0 |   0.0 |       3 |       0 |   0.0
            +---------+---------+-------+---------+---------+-------
